 Dungeon Crawl Stone Soup version 0.20.1 (webtiles) character file.

468 vishdafish the Shield-Bearer (level 7, -8/55 HPs)
             Began as a Formicid Fighter on July 2, 2017.
             Mangled by Menkaure (14 damage)
             ... on level 5 of the Dungeon.
             The game lasted 00:05:11 (3063 turns).

vishdafish the Shield-Bearer (Formicid Fighter)     Turns: 3063, Time: 00:05:12

Health: -8/55      AC: 13    Str: 21    XL:     7   Next: 30%
Magic:  7/7        EV:  8    Int:  8    God:
Gold:   285        SH: 10    Dex: 11    Spells: 6/6 levels left

rFire    x . .     SeeInvis +   a - +0 war axe
rCold    + + .     Gourm    .   c - +0 shield
rNeg     . . .     Faith    .   r - +0 ice dragon scales
rPois    .         Spirit   .   (helmet unavailable)
rElec    .         Reflect  .   e - +0 cloak
rCorr    .         Harm     .   y - +0 pair of gloves
MR       .....                  (no boots)
Stlth    ..........             (no amulet)
Regen    0.2/turn               (no ring)
MPRegen  0.1/turn               (no ring)

@: drained
A: permanent stasis, dig shafts and tunnels, four strong arms, antennae 3
a: Dig, Shaft Self


You were on level 5 of the Dungeon.
You were not hungry.

You visited 1 branch of the dungeon, and saw 5 of its levels.

You collected 285 gold pieces.

Inventory:

Hand Weapons
 a - a +0 war axe (weapon)
Missiles
 w - 18 bolts
Armour
 b - a +0 scale mail
 c - a +0 shield (worn)
 e - a +0 cloak (worn)
 r - +0 ice dragon scales (worn)
 y - a +0 pair of gloves (worn)
Wands
 A - a wand of disintegration (9/24)
Scrolls
 g - a scroll of remove curse
 k - 2 scrolls of amnesia
 s - 2 scrolls of fog {unknown}
 t - a scroll of blinking {unknown}
 u - a scroll of enchant weapon {unknown}
 x - a scroll of magic mapping {unknown}
Potions
 d - a potion of might
 h - a potion of flight {unknown}
 i - a potion of mutation {unknown}
 n - a potion of cancellation {unknown}
 o - a potion of agility {unknown}
 p - 2 potions of brilliance
 q - a potion of ambrosia
 v - a potion of lignification {unknown}
 z - a potion of curing {unknown}
Comestibles
 f - 3 bread rations
 j - 2 royal jellies
 l - 2 meat rations
 m - 7 fruits


   Skills:
 + Level 4.6(4.4) Fighting
 + Level 3.7(3.5) Axes
 + Level 4.9(4.6) Armour
 * Level 6.5(6.2) Shields


You had 6 spell levels left.
You didn't know any spells.

Dungeon Overview and Level Annotations

Branches:
Dungeon (5/15)
 Temple: D:4-7

Altars:
Dithmenos
Qazlal
Ru

Annotations:
D:4 vishdafish's ghost, amateur FoFi
D:5 Menkaure


Innate Abilities, Weirdness & Mutations

You cannot be hasted, slowed, berserked, paralysed or teleported.
You can dig through walls and to a lower floor.
Your four strong arms can wield two-handed weapons with a shield.
You have a pair of large antennae on your head. (SInv)


Message History

Menkaure is almost destroyed.
You block Menkaure's attack.
You barely miss Menkaure.
Menkaure is almost destroyed.
Menkaure hits you but does no damage.
Menkaure casts a spell.
Menkaure seems to speed up.
You hit Menkaure.
Menkaure is almost destroyed.
You block Menkaure's attack.
You hit Menkaure.
Menkaure is almost destroyed.
Menkaure barely misses you. Menkaure casts a spell at you.
Pain shoots through your body!
* * * LOW HITPOINT WARNING * * *
You barely miss Menkaure.
Menkaure is almost destroyed.
Menkaure hits you!
You die...

... ..#
..#####
.......
.....
##...
##..#
#.@.#
#.M##
....#
.......
..#####..
. ##.. #.
#.


You could see Menkaure.

Vanquished Creatures
  Sigmund (D:2)
  The ghost of vishdafish the Shield-Bearer, a weakling FoFi (D:3)
  A hound (D:2)
  Terence (D:2)
  A worker ant (D:4)
  Natasha (D:2)
  4 gnolls (D:3)
  4 adders
  3 oozes
  A worm (D:2)
  A dart slug (D:3)
  3 leopard geckos
  2 orcs
  A ball python (D:1)
  9 bats
  15 giant cockroaches
  5 hobgoblins
  5 jackals (D:4)
  2 frilled lizards
  8 goblins
  3 kobolds
  7 rats
79 creatures vanquished.

Notes
Turn   | Place    | Note
-------+----------+-------------------------------------------
     0 | D:1      | vishdafish the Formicid Fighter began the quest for the Orb.
     0 | D:1      | Reached XP level 1. HP: 18/18 MP: 1/1
   406 | D:1      | Reached XP level 2. HP: 24/24 MP: 2/2
   783 | D:2      | Reached skill level 4 in Shields
   783 | D:2      | Reached XP level 3. HP: 21/29 MP: 3/3
  1141 | D:2      | Found a stormy altar of Qazlal.
  1307 | D:2      | Noticed Sigmund
  1321 | D:2      | Killed Sigmund
  1321 | D:2      | Reached skill level 5 in Shields
  1321 | D:2      | Reached XP level 4. HP: 26/37 MP: 4/4
  1321 | D:2      | Reached XP level 5. HP: 30/42 MP: 5/5
  1322 | D:2      | Reached XP level 6. HP: 34/48 MP: 6/6
  1404 | D:2      | Noticed Terence
  1409 | D:2      | Killed Terence
  1770 | D:2      | Noticed Natasha
  1773 | D:2      | Killed Natasha
  1964 | D:3      | Noticed vishdafish's ghost (weakling FoFi)
  1973 | D:3      | Killed vishdafish's ghost
  1973 | D:3      | Reached skill level 6 in Shields
  2141 | D:3      | Found a faded altar of an unknown god.
  2259 | D:3      | Reached XP level 7. HP: 41/55 MP: 7/7
  2283 | D:3      | Found a sacrificial altar of Ru.
  2969 | D:4      | Found a shadowy altar of Dithmenos.
  3044 | D:4      | Noticed Menkaure
  3045 | D:4      | Noticed vishdafish's ghost (amateur FoFi)
  3054 | D:5      | Entered Level 5 of the Dungeon
  3063 | D:5      | Mangled by Menkaure

Skill      XL: |  1  2  3  4  5  6 |
---------------+-------------------+-----
Shields        | 4 5 6 |  6.5
Fighting       | 4 |  4.6
Axes           | 3 |  3.7
Armour         | 4 |  4.9

Action                   |  1- 3 |  4- 6 |  7- 9 || total
-------------------------+-------+-------+-------++-------
Melee: War axe           |    83 |    63 |   100 ||   246
  Use: Scroll            |       |     5 |       ||     5
 Stab: Paralysed         |       |       |     1 ||     1
  Eat: Chunk             |     1 |     3 |     3 ||     7
Armor: Scale mail        |    34 |    30 |     7 ||    71
       Ice dragon scales |       |       |    31 ||    31
Dodge: Dodged            |    33 |    19 |    43 ||    95
Block: Shield            |    62 |    40 |    54 ||   156
